 Dungeon Crawl Stone Soup version 0.29-a0-824-gd827844252 (webtiles) character file.

Game seed: 13156784858737763935

18 RBrandon the Trooper (level 2, 0/24 HPs)
             Began as a Demonspawn Monk on July 10, 2022.
             Slain by Terence
             ... wielding a +0 falchion
              (7 damage)
             ... on level 2 of the Dungeon.
             The game lasted 00:01:15 (722 turns).

RBrandon the Trooper (Demonspawn Monk)               Turns: 722, Time: 00:01:16

Health: 0/24       AC: 11    Str:  9 (11) XL:     2   Next: 48%
Magic:  2/2        EV:  0    Int:  9 (11) God:
Gold:   43         SH:  0    Dex: 12 (15) Spells: 1/1 levels left

rFire   . . .      SeeInvis .   a - +0 falchion
rCold   . . .      Faith    .   (no shield)
rNeg    . . .      Spirit   .   h - +0 plate armour
rPois   +          Reflect  .   (no helmet)
rElec   .          Harm     .   (no cloak)
rCorr   .          Rampage  .   (no gloves)
Will    .....                   (no boots)
Stlth   ..........              (no amulet)
HPRegen 0.08/turn               d - ring of poison resistance
MPRegen 0.08/turn               (no ring)

@: confused, ambrosia-drunk, unable to read
A: powered by pain 1, hooves 1, shaggy fur 1, inability to read while threatened
1
a: no special abilities


You were on level 2 of the Dungeon.
You visited 1 branch of the dungeon, and saw 2 of its levels.

You collected 43 gold pieces.

Inventory:

Hand Weapons
 a - a +0 falchion (weapon)
Armour
 b - a +0 robe
 f - a +0 ring mail
 h - a +0 plate armour (worn)
Jewellery
 d - a ring of poison resistance (left hand)
Scrolls
 j - a scroll of acquirement {unknown}
 k - 4 scrolls of enchant armour {unknown}
 l - a scroll of amnesia {unknown}


   Skills:
 + Level 3.2 Fighting
 + Level 2.9 Long Blades
 + Level 2.9 Dodging
 + Level 2.1 Stealth


You had one spell level left.
You didn't know any spells.
Your spell library contained the following spells:

 Spells                   Type           Power      Damage    Failure   Level
 Inner Flame              Hex/Fire       0%         N/A       100%        3
 Cause Fear               Hex            0%         N/A       100%        4
 Discord                  Hex            0%         N/A       100%        8


Dungeon Overview and Level Annotations

Branches:
Dungeon (2/15)

Altars:

Annotations:
D:2 Terence


Innate Abilities, Weirdness & Mutations

You sometimes gain a little power by taking damage.
You have large cloven feet.
You are covered in fur. (AC +1)
You occasionally lose the ability to read scrolls when taking damage.


Message History

Terence is moderately wounded.
Terence hits you with a +0 falchion.
You hit Terence. You kick Terence.
Terence is heavily wounded.
Terence hits you with a +0 falchion.
* * * LOW HITPOINT WARNING * * *
You hit Terence.
Terence is heavily wounded.
Terence hits you but does no damage.
You barely miss Terence. You kick Terence, but do no damage.
Terence is heavily wounded.
Terence hits you but does no damage.
You completely miss Terence. You kick Terence, but do no damage.
Terence is heavily wounded.
Terence hits you with a +0 falchion.
* * * LOW HITPOINT WARNING * * *
Terence hits you but does no damage.
You hit Terence.
Terence is severely wounded.
Terence says, "Rest in peace."
Terence hits you but does no damage.
You barely miss Terence. You kick Terence, but do no damage.
Terence is severely wounded.
Terence hits you with a +0 falchion.
* * * LOW HITPOINT WARNING * * *
You hit Terence but do no damage.
Terence is severely wounded.
Terence completely misses you.
You closely miss Terence. You kick Terence.
Terence is severely wounded.
Terence hits you with a +0 falchion.
* * * LOW HITPOINT WARNING * * *
You hit Terence but do no damage. You kick Terence, but do no damage.
Terence is severely wounded.
Terence hits you but does no damage. x2
Okay, then.
You are confused.
You feel invigorated. Terence hits you with a +0 falchion!
You feel threatened and lose the ability to read scrolls!
You die...

.# #######..#
...#######.......##
#..........#######
.......#####
######.# #.##
#..########
##........####
########..@@#
####......# ###....
... .


You could see Terence.

Vanquished Creatures
  2 dart slugs (D:1)
  A ball python (D:1)
  2 endoplasms (D:1)
  2 hobgoblins (D:1)
  2 bats (D:1)
  2 frilled lizards (D:1)
  A kobold (D:1)
  3 rats (D:1)
15 creatures vanquished.

Notes
Turn   | Place    | Note
-------+----------+-------------------------------------------
     0 | D:1      | RBrandon the Demonspawn Monk began the quest for the Orb.
     0 | D:1      | Reached XP level 1. HP: 18/18 MP: 1/1
   135 | D:1      | Found a faded altar of an unknown god.
   389 | D:1      | Gained mutation: You sometimes gain a little power by
                  | taking damage. [demonic ancestry]
   389 | D:1      | Reached XP level 2. HP: 24/24 MP: 2/2
   704 | D:2      | Noticed Terence
   708 | D:2      | Gained mutation: You are covered in fur. (AC +1) [potion of
                  | mutation]
   708 | D:2      | Gained mutation: You occasionally lose the ability to read
                  | scrolls when taking damage. [potion of mutation]
   708 | D:2      | Gained mutation: You have large cloven feet. [potion of
                  | mutation]
   722 | D:2      | Slain by Terence

Illustrated notes

Levels and vault maps discovered:
D:1:      psy_arrival_conway, layout_rooms,
          hellmonk_ecumenical_altar_slurped_away
D:2:      layout_rooms, uniq_crazy_yiuf_cottage, uniq_jessica, uniq_terence,
          uniq_robin

Skill      XL: |  1 |
---------------+----+-----
Stealth        | 2 |  2.1
Fighting       | |  3.2
Long Blades    | |  2.9
Dodging        | |  2.9

Action                   || total
-------------------------++-------
Melee: Falchion          ||    54
       Kick              ||     7
  Use: Potion            ||     5
Armor: Plate armour      ||    35
       Ring mail         ||     5
Dodge: Dodged            ||    10

Table legend: (Time is in decaauts)
 A = Elapsed time spent in this place.
 B = Non-inter-level travel time spent in this place.
 C = Inter-level travel time spent in this place.
 D = Time resting spent in this place.
 E = Time spent auto-exploring this place.
 F = Levels seen in this place.
 G = Mean time per level.
                   A        B        C        D        E       F      G
               +--------+--------+--------+--------+--------+-----+--------+
         Total |    734 |    699 |     35 |      0 |    523 |   2 |  367.0 |
       Dungeon |    734 |    699 |     35 |      0 |    523 |   2 |  367.0 |
               +--------+--------+--------+--------+--------+-----+--------+

Top non-repeatable levels by time:
     D:1: 683 daAuts
     D:2: 51 daAuts

Table legend:
 A = Kills in this place as a percentage of kills in entire the game.
 B = Kills by you in this place as a percentage of kills by you in the entire game.
 C = Kills by friends in this place as a percentage of kills by friends in the entire game.
 D = Other kills in this place as a percentage of other kills in the entire game.
 E = Experience gained in this place as a percentage of experience gained in the entire game.
 F = Experience gained in this place divided by the number of levels of this place that you have seen.
                   A       B       C       D       E      F
               +-------+-------+-------+-------+-------+----------------------
         Total | 100.0 | 100.0 |   N/A |   N/A | 100.0 |  13.0
       Dungeon | 100.0 | 100.0 |   N/A |   N/A | 100.0 |  13.0
               +-------+-------+-------+-------+-------+----------------------
